 Dungeon Crawl Stone Soup version 0.29.1-1-gd02db6906a (webtiles) character file.

Game seed: 9803454688893919422

422 Ashen the Magician (level 6, -4/44 HPs)
             Began as a Demonspawn Hedge Wizard on Oct 8, 2022.
             Was an Initiate of Vehumet.
             Slain by a gnoll
             ... wielding a +0 halberd
              (8 damage)
             ... on level 4 of the Dungeon.
             The game lasted 00:15:08 (5728 turns).

Ashen the Magician (Demonspawn Hedge Wizard)        Turns: 5728, Time: 00:15:08

Health: -4/44      AC:  7    Str: 11    XL:     6   Next: 63%
Magic:  2/11       EV: 12    Int: 17    God:    Vehumet [......]
Gold:   250        SH:  4    Dex: 12    Spells: 4/12 levels left

rFire   + . .      SeeInvis .   o - +2 short sword (drain)
rCold   . . .      Faith    .   (no shield)
rNeg    . . .      Spirit   .   b - +0 robe
rPois   .          Reflect  .   u - +0 helmet
rElec   .          Harm     .   (no cloak)
rCorr   .          Rampage  .   (no gloves)
Will    +....                   (no boots)
Stlth   ++........              (no amulet)
HPRegen 0.14/turn               j - ring of willpower
MPRegen 0.12/turn               r - ring of protection from fire

@: no status effects
A: icemail 1, condensation shield, weakness stinger 1
a: Renounce Religion


You were on level 4 of the Dungeon.
You worshipped Vehumet.
Vehumet was noncommittal.
You visited 2 branches of the dungeon, and saw 6 of its levels.

You collected 250 gold pieces.

Inventory:

Hand Weapons
 a - a +0 dagger
 o - a +2 short sword of draining (weapon)
Missiles
 w - a throwing net
Armour
 b - a +0 robe (worn)
 u - a +0 helmet (worn)
Magical Staves
 t - a staff of air
Jewellery
 j - a ring of willpower (left hand)
 r - a ring of protection from fire (right hand)
Wands
 c - a wand of iceblast (4)
Scrolls
 h - a scroll of fear {unknown}
 m - 2 scrolls of identify {unknown}
 n - 3 scrolls of enchant armour {unknown}
 q - a scroll of summoning {unknown}
 s - a scroll of blinking {unknown}
 v - a scroll of magic mapping {unknown}
 x - a scroll of enchant weapon {unknown}
Potions
 d - a potion of magic
 e - a potion of attraction {unknown}
 f - a potion of might {unknown}
 g - a potion of berserk rage {unknown}
 i - a potion of brilliance {unknown}
 p - a potion of heal wounds {unknown}


   Skills:
 + Level 2.1 Fighting
 + Level 2.8 Dodging
 + Level 3.0 Stealth
 + Level 3.6 Spellcasting
 + Level 2.6 Conjurations
 + Level 2.5 Summonings
 + Level 2.3 Translocations
 + Level 1.3 Air Magic


You had 4 spell levels left.
You knew the following spells:

 Your Spells              Type           Power      Damage    Failure   Level
a - Magic Dart            Conj           48%        1d5       5%          1
b - Call Imp              Summ           11%        N/A       9%          2
c - Blink                 Tloc           22%        N/A       10%         2
d - Mephitic Cloud        Conj/Pois/Air  7%         N/A       28%         3

Your spell library contained the following spells:

 Spells                   Type           Power      Damage    Failure   Level
 Apportation              Tloc           22%        N/A       6%          1
 Summon Small Mammal      Summ           44%        N/A       6%          1
 Necrotise                Necr           12%        1d4       16%         1
 Slow                     Hex            12%        N/A       16%         1
 Conjure Flame            Conj/Fire      7%         6-21      28%         3
 Alistair's Intoxication  Tmut/Pois      2%         N/A       99%         5
 Borgnjor's Vile Clutch   Necr/Erth      1%         N/A       99%         5
 Eringya's Noxious Bog    Tmut/Pois      1%         N/A       100%        6


Dungeon Overview and Level Annotations

Branches:
Dungeon (5/15)             Temple (1/1) D:4

Altars:
Ashenzari
Cheibriados
Dithmenos
Fedhas
Gozag
Hepliaklqana
Kikubaaqudgha
Makhleb
Okawaru
Qazlal
Ru
Sif Muna
Uskayaw
Vehumet
Wu Jian
Xom
Yredelemnul

Shops:
D:2 (

Annotations:
D:4 Grinder, Menkaure, Pikel


Innate Abilities, Weirdness & Mutations

A meltable icy envelope protects you from harm. (AC +4)
A meltable shield of frost defends you. (SH +4)
You have a small tail.


Message History

The ball explodes into a vile cloud!
The stinking cloud engulfs the orc priest but does no damage.
The gnoll hits you with a +0 whip.
* * * LOW HITPOINT WARNING * * *
The gnoll barely misses you.
The orc priest is engulfed in noxious fumes.
The orc priest appears confused.
Your white imp gestures at the gnoll.
The puff of frost hits the gnoll!
You feel stable enough to blink again. The gnoll barely misses your white imp.
The orc priest is engulfed in noxious fumes.
The orc priest appears confused.
Your white imp closely misses the gnoll.
Press: ? - help, v - describe, . - travel
Here: a gnoll, wielding a +0 whip (heavily wounded, not watching you)
The floor.
Okay, then.
As you read the scroll labelled HUVIOKE LELETS, it crumbles to dust.
You feel strangely unstable.
It was a scroll of teleportation.
The gnoll misses your white imp. The gnoll closely misses you.
Your white imp hits the gnoll.
Your white imp freezes the gnoll.
Casting: Mephitic Cloud (quite dangerous; 28% risk of failure)
Confirm with . or Enter, or press ? or * to list all spells.
You blink.
The gnoll closely misses your white imp.
The gnoll closely misses your white imp.
Your white imp gestures at the gnoll.
The puff of frost hits the gnoll.
Your surroundings suddenly seem different.
A kobold comes into view. It is wielding a +0 whip.
You feel stable enough to blink again.
A gnoll comes into view. It is wielding a +0 halberd.
A gnoll comes into view. It is wielding a +0 spear.
The gnoll closely misses you.
An endoplasm comes into view.
A gnoll comes into view. It is wielding a +0 club.
You closely miss the kobold.
The gnoll hits you from afar with a +0 halberd!
You die...

###..5...g###..##..## #
...........)...##..# . #
###.......##.......# ... #
#####.####...##..###.... #
#.>....<.........J.. #
#..g................ .
#######.####.###g.###≈..~#
. .....##.# #.#
#.#...#~≈#. ........# #.#
#@#.⌠.#≈≈# ####.##.# #.#
#K#...# ≈#
####.##.####.###.[###≈≈≈~#
................)...~≈≈≈≈~
####.##.............~≈≈≈≈~
#.#######.###..###≈≈≈≈#
####.## #......#.. ≈≈#.
#.....# #......#.⌠. ≈#
#.....#####......#...# #


You could see a gnoll and a kobold.

Vanquished Creatures
  A necrophage (D:5)
  A jelly (D:5)
  An orc priest (D:4)
  2 hounds (D:5)
  An orc wizard (D:4)
  3 adders
  5 gnolls
  2 worms (D:2)
  3 dart slugs
  14 orcs
  6 bats
  10 endoplasms
  3 giant cockroaches
  6 goblins
  10 hobgoblins
  7 jackals
  3 quokkas (D:3)
  6 ball pythons
  6 frilled lizards
  7 kobolds
  9 rats
106 creatures vanquished.

Vanquished Creatures (collateral kills)
  A white imp (D:5)
  A hobgoblin (D:5)
  A quokka (D:5)
3 creatures vanquished.

Vanquished Creatures (others)
  19 plants (D:4)
19 creatures vanquished.

Grand Total: 128 creatures vanquished

Notes
Turn   | Place    | Note
-------+----------+-------------------------------------------
     0 | D:1      | Ashen the Demonspawn Hedge Wizard began the quest for the
                  | Orb.
     0 | D:1      | Reached XP level 1. HP: 13/13 MP: 4/4
   336 | D:1      | Reached skill level 1 in Translocations
   481 | D:1      | Gained mutation: A meltable shield of frost defends you.
                  | (SH +4) [demonic ancestry]
   481 | D:1      | Reached XP level 2. HP: 13/20 MP: 1/6
  1153 | D:1      | Reached XP level 3. HP: 25/25 MP: 0/7
  1156 | D:1      | Learned a level 2 spell: Call Imp
  1159 | D:1      | Learned a level 2 spell: Blink
  1163 | D:1      | Learned a level 3 spell: Mephitic Cloud
  1909 | D:2      | Found Fadiann's Antique Weapon Shoppe.
  2654 | D:2      | Reached skill level 1 in Fighting
  2714 | D:1      | Gained mutation: A meltable icy envelope protects you from
                  | harm. (AC +4) [demonic ancestry]
  2714 | D:1      | Reached XP level 4. HP: 32/32 MP: 4/8
  3530 | D:3      | Found a shimmering altar of Xom.
  3901 | D:3      | Reached XP level 5. HP: 37/37 MP: 4/9
  4398 | D:4      | Noticed Menkaure
  4457 | D:4      | Noticed Pikel
  4457 | D:4      | Noticed a lemure
  4457 | D:4      | Noticed a lemure
  4457 | D:4      | Noticed a lemure
  4457 | D:4      | Noticed a lemure
  4472 | D:4      | Noticed Grinder
  4827 | D:5      | Entered Level 5 of the Dungeon
  4857 | D:5      | Gained mutation: You have a small tail. [demonic ancestry]
  4857 | D:5      | Reached XP level 6. HP: 10/44 MP: 3/11
  4956 | D:5      | Reached skill level 1 in Air Magic
  5534 | D:4      | Found a staircase to the Ecumenical Temple.
  5545 | Temple   | Entered the Ecumenical Temple
  5571 | Temple   | Became a worshipper of Vehumet
  5711 | D:4      | HP: 2/44 [gnoll/+0 whip (4)]
  5728 | D:4      | Slain by a gnoll

Illustrated notes

Levels and vault maps discovered:
D:1:      dpeg_arrival_tiny_a, layout_loops_ring
D:2:      layout_loops_ring, serial_shops, shop
D:3:      layout_rooms, mainiacjoe_overflow_cross_hatched,
          minmay_tree_intersection, minmay_vboxes
D:4:      layout_basic, minmay_temple_entry_statues_pillars, minmay_misc_feat_x,
          fountainhead, hangedman_glass_garden, nicolae_grassy_gnolls,
          uniq_pikel, uniq_menkaure, uniq_grinder
D:5:      layout_rooms, uniq_blork_the_orc
Temple:   hellmonk_temple_of_storms

Skill      XL: |  1  2  3  4  5  6 |
---------------+-------------------+-----
Translocations | 1 2 |  2.3
Stealth        | 2 3 |  3.0
Dodging        | 2 |  2.8
Fighting       | 1 2 |  2.1
Summonings     | 2 |  2.5
Conjurations   | 2 |  2.6
Air Magic      | 1 |  1.3
Spellcasting   | |  3.6

Action                   |  1- 3 |  4- 6 || total
-------------------------+-------+-------++-------
Melee: Dagger            |    39 |       ||    39
       Short sword       |    21 |   137 ||   158
       Punch             |     1 |       ||     1
       Tailslap          |       |     5 ||     5
 Cast: Magic Dart        |   106 |    65 ||   171
       Call Imp          |       |     6 ||     6
       Blink             |       |     6 ||     6
       Mephitic Cloud    |       |     4 ||     4
Evoke: Wand              |       |     7 ||     7
  Use: Potion            |     1 |     2 ||     3
       Scroll            |       |     1 ||     1
 Stab: Sleeping          |     2 |     4 ||     6
Armor: Robe              |    16 |    69 ||    85
Dodge: Dodged            |    38 |   107 ||   145
Block: Other             |     7 |    28 ||    35
